 Dungeon Sprint DCSS version 0.30.1-9-gdf580d7c3d (webtiles) character file.

Game seed: 8802671303275895169

494 Heoruswealwe the Spear-Bearer (level 6, 0/66 HPs)
             Began as a Minotaur Fighter on Oct 4, 2023.
             Slain by a wight
             ... wielding a +2 spear
              (4 damage)
             ... in the Dungeon (Sprint IX: "|||||||||||||||||||||||||||||").
             The game lasted 00:00:50 (111 turns).

Heoruswealwe the Spear-Bearer (Minotaur Fighter)     Turns: 111, Time: 00:00:50

Health: 0/66       AC:  8    Str: 22    XL:     6   Next: 92%
Magic:  5/5        EV:  9    Int:  5    God:
Gold:   0          SH:  4    Dex: 10    Spells: 5/5 levels left

rFire   . . .        a - +0 trident
rCold   . . .        d - +0 buckler
rNeg    . . .        c - +0 scale mail
rPois   .            (helmet restricted)
rElec   .            (no cloak)
rCorr   .            (no gloves)
SInv    .            (no boots)
Will    .....        (no amulet) Stlth
                     (no ring)
HPRegen 0.31/turn    (no ring)
MPRegen 0.09/turn

%: no teleportation
@: no status effects
A: horns 2, retaliatory headbutt
a: no special abilities


You were in the Dungeon.
You visited 1 branch

Inventory:

Hand Weapons
 a - a +0 trident (weapon)
Armour
 c - a +0 scale mail (worn)
 d - a +0 buckler (worn)
Jewellery
 m - a +3 ring of dexterity
 n - a +2 ring of protection
Wands
 l - a wand of acid (10)
Scrolls
 j - 2 scrolls of blinking
 k - 2 scrolls of amnesia
Potions
 b - a potion of might
 e - 5 potions of curing
 f - 3 potions of heal wounds
 g - a potion of haste
 h - a potion of invisibility
 i - a potion of berserk rage


   Skills:
 + Level 9.6 Fighting
 * Level 12.6 Polearms
 + Level 9.6 Armour
 - Level 3.6 Shields


You had 5 spell levels left.
You didn't know any spells.
Your spell library was empty.

Dungeon Overview and Level Annotations

Branches:
Dungeon (1/1)

Altars:
Cheibriados
Dithmenos
Elyvilon
Fedhas
Gozag
Hepliaklqana
Kikubaaqudgha
Makhleb
Nemelex Xobeh
Okawaru
Qazlal
Ru
Sif Muna
Trog
Uskayaw
Vehumet
Wu Jian
Xom
Yredelemnul
Zin
The Shining One
Jiyva
Lugonu


Innate Abilities, Weirdness & Mutations

You have a pair of horns on your head.
You reflexively headbutt those who attack you in melee.


Message History

The orc warrior is severely wounded.
The orc warrior hits you but does no damage.
You closely miss the orc warrior.
The orc warrior is severely wounded.
The orc warrior closely misses you.
You barely miss the orc warrior.
The orc warrior is severely wounded.
You hit the orc warrior. You headbutt the orc warrior!
You kill the orc warrior!
The yak snorts and paws the ground.
Your Polearms skill increases to level 11!
You have reached level 6!
You hit the yak. You headbutt the yak!
The yak is moderately wounded.
The yak barely misses you.
You barely miss the yak. Your headbutt misses the yak.
The yak is moderately wounded.
The yak gores you.
You hit the yak but do no damage.
The yak is moderately wounded.
You hit the yak but do no damage. Your headbutt misses the yak.
The yak is moderately wounded.
The yak gores you.
* * * LOW HITPOINT WARNING * * *
You puncture the yak! You headbutt the yak!
The yak is almost dead.
The yak gores you!
* * * LOW HITPOINT WARNING * * *
You completely miss the yak. Your headbutt misses the yak.
The yak is almost dead.
The yak gores you but does no damage.
You hit the yak.
You kill the yak!
Your Fighting skill increases to level 9!
Your Polearms skill increases to level 12!
Your Armour skill increases to level 9!
The shadow hits you.
* * * LOW HITPOINT WARNING * * *
The wight hits you from afar with a +2 spear.
You die...

▓+▓
▓.▓
▓.▓
▓c▓
▓Y▓
▓z▓
▓W▓
▓@▓
▓.▓
▓.▓
▓[▓
▓[▓
▓[▓
▓.▓
▓)▓
▓.▓


You could see a yak, a shadow, a centaur and a wight.

Vanquished Creatures
  A yak (D)
  An orc warrior (D)
  An ogre (D)
  A centaur (D)
  A phantom (D)
  An adder (D)
  A white imp (D)
  A bat (D)
  A giant cockroach (D)
  A hobgoblin (D)
  2 rats (D)
12 creatures vanquished.

Notes
Turn   | Place    | Note
-------+----------+-------------------------------------------
     0 | D        | Heoruswealwe the Minotaur Fighter began the quest for the
                  | Orb.
     0 | D        | Reached XP level 1. HP: 19/19 MP: 0/0
     6 | D        | Reached skill level 3 in Polearms
    20 | D        | Noticed an ogre
    20 | D        | Noticed a phantom
    20 | D        | Noticed a centaur
    25 | D        | Killed a centaur
    26 | D        | Reached skill level 7 in Polearms
    26 | D        | Reached XP level 2. HP: 29/30 MP: 1/1
    26 | D        | Reached XP level 3. HP: 35/37 MP: 2/2
    26 | D        | Reached XP level 4. HP: 42/44 MP: 3/3
    32 | D        | Killed a phantom
    33 | D        | Reached skill level 9 in Polearms
    33 | D        | Reached XP level 5. HP: 45/52 MP: 4/4
    37 | D        | Killed an ogre
    38 | D        | Reached skill level 10 in Polearms
    53 | D        | Found a snail-covered altar of Cheibriados.
    53 | D        | Found a shadowy altar of Dithmenos.
    53 | D        | Found a white marble altar of Elyvilon.
    53 | D        | Found a blossoming altar of Fedhas.
    53 | D        | Found an opulent altar of Gozag.
    54 | D        | Found a hazy altar of Hepliaklqana.
    55 | D        | Found a viscous altar of Jiyva.
    56 | D        | Found an ancient bone altar of Kikubaaqudgha.
    57 | D        | Found a corrupted altar of Lugonu.
    58 | D        | Found a burning altar of Makhleb.
    59 | D        | Found a sparkling altar of Nemelex Xobeh.
    60 | D        | Found an iron altar of Okawaru.
    61 | D        | Found a stormy altar of Qazlal.
    62 | D        | Found a sacrificial altar of Ru.
    63 | D        | Found a shimmering blue altar of Sif Muna.
    64 | D        | Found a bloodstained altar of Trog.
    65 | D        | Found a hide-covered altar of Uskayaw.
    66 | D        | Found a radiant altar of Vehumet.
    67 | D        | Found an ornate altar of the Wu Jian Council.
    68 | D        | Found a shimmering altar of Xom.
    69 | D        | Found a basalt altar of Yredelemnul.
    70 | D        | Found a glowing silver altar of Zin.
    71 | D        | Found a glowing golden altar of the Shining One.
    95 | D        | Noticed a centaur
    95 | D        | Noticed a yak
    95 | D        | Noticed a shadow
    95 | D        | Noticed a yak
    95 | D        | Noticed an orc warrior
   103 | D        | Killed an orc warrior
   104 | D        | Reached skill level 11 in Polearms
   104 | D        | Reached XP level 6. HP: 29/62 MP: 5/5
   110 | D        | Killed a yak
   111 | D        | Reached skill level 12 in Polearms
   111 | D        | Slain by a wight

Illustrated notes

Levels and vault maps discovered:
D:        linesprint [early_d, line_temple, items_1, d_10, items_2, lair_1,
          lair_end, items_3, orc_1, orc_end, items_4, d_15, swamp_1, shoals_1,
          snake_1, spider_1, d_20, vaults_1, items_5, swamp_end, shoals_end,
          snake_end, spider_end, vaults_end, d_27, items_6, zot_1, zot_end,
          crypt_end, forest_end, elf_end, slime_end, tomb_end, abyss_end,
          pan_hell_end]

Skill      XL: |  1  2  3  4  5  6 |
---------------+-------------------+-----
Polearms       | 7 9 11 12 | 12.6
Fighting       | 6 7 8 9 |  9.6
Armour         | 6 7 8 9 |  9.6
Shields        | |  3.6

Action                     |  1- 3 |  4- 6 || total
---------------------------+-------+-------++-------
  Melee: Trident           |    14 |    32 ||    46
         Headbutt          |     4 |     7 ||    11
 Armour: Scale mail        |    12 |     5 ||    17
  Dodge: Dodged            |     8 |     8 ||    16
  Block: Buckler           |     3 |     1 ||     4
